 Dungeon Crawl Stone Soup version 0.29-a0-393-g47a863cc1b (webtiles) character file.

Game seed: 763166773301106576

3855 zishaf the Fighter (level 10, -22/106 HPs)
             Began as an Ogre Chaos Knight on May 9, 2022.
             Was a Plaything of Xom.
             Annihilated by an orc knight
             ... wielding a +0 war axe
              (42 damage)
             ... in a bailey.
             The game lasted 00:19:33 (9144 turns).

zishaf the Fighter (Ogre Chaos Knight)              Turns: 9144, Time: 00:19:34

Health: -22/106    AC:  6    Str: 20    XL:     10   Next: 18%
Magic:  13/13      EV:  9    Int: 15    God:    Xom [....*.]
Gold:   515        SH:  0    Dex:  8    Spells: 10/13 levels left

rFire   + . .      SeeInvis .   a - +2 giant club (chaos)
rCold   . . .      Faith    .   (shield currently unavailable)
rNeg    . . .      Spirit   .   d - +2 robe
rPois   .          Reflect  .   (helmet restricted)
rElec   .          Harm     .   j - +1 cloak
rCorr   +          Rampage  .   (gloves unavailable)
Will    +....      Clarity  +   (boots unavailable)
Stlth   +.........              y - amulet of the acrobat
HPRegen 0.27/turn               g - ring of resist corrosion
MPRegen 0.13/turn               (no ring)

@: unable to read
A: large, unfitting armour, tough skin 1, clarity, deformed body, fire
resistance 1, frail 1, sense surroundings 1, screaming 1, inability to read
while threatened
a: Renounce Religion


You were in a bailey.
You worshipped Xom.
You were a beloved toy of Xom.
You visited 1 branch of the dungeon, and saw 8 of its levels.
You also visited: Sewer, Ossuary and Bailey.

You collected 515 gold pieces.

Inventory:

Hand Weapons
 a - a +2 giant club of chaos (weapon)
 b - a +0 hunting sling
 t - a +2 mace of protection
 w - a +0 mace of chaos
Missiles
 h - 13 poisoned darts
 E - 7 boomerangs
Armour
 d - a +2 robe (worn)
 j - a +1 cloak (worn)
 n - a scarf of shadows
Jewellery
 g - a ring of resist corrosion (left hand)
 y - an amulet of the acrobat (around neck)
Wands
 e - a wand of digging (6)
 p - a wand of paralysis (14)
 s - a wand of charming (14)
Scrolls
 r - 2 scrolls of teleportation
 x - a scroll of enchant armour
 z - a scroll of enchant weapon {unknown}
 D - a scroll of identify
Potions
 f - 2 potions of brilliance
 i - 2 potions of lignification
 k - 2 potions of invisibility
 l - a potion of haste
 o - 2 potions of attraction
 q - 3 potions of curing
 u - a potion of mutation
 v - a potion of berserk rage
 A - a potion of cancellation
 B - a potion of might
 C - 2 potions of ambrosia
Miscellaneous
 c - a piece from Xom's chessboard (15/15) (quivered)


   Skills:
 + Level 12.7 Fighting
 + Level 7.9 Maces & Flails
 - Level 2.1 Dodging
 - Level 2.0 Spellcasting
 + Level 6.3 Translocations


You had 10 spell levels left.
You knew the following spells:

 Your Spells              Type           Power      Damage    Failure   Level
a - Teleport Other        Tloc           20%        N/A       4%          3

Your spell library contained the following spells:

 Spells                   Type           Power      Damage    Failure   Level
 Gell's Gravitas          Tloc           20%        N/A       4%          3
 Lesser Beckoning         Tloc           20%        N/A       4%          3
 Slow                     Hex            4%         N/A       22%         1
 Confusing Touch          Hex            1%         N/A       54%         3
 Ozocubu's Armour         Ice            1%         N/A       54%         3
 Vampiric Draining        Necr           1%         2d6       54%         3
 Metabolic Englaciation   Hex/Ice        0%         N/A       99%         5
 Simulacrum               Ice/Necr       0%         N/A       100%        6


Dungeon Overview and Level Annotations

Branches:
Dungeon (8/15)             Temple (0/1) D:4           Sewer (visited)
Ossuary (visited)          Bailey (1/1)
   Lair: D:8-11

Altars:
Cheibriados
Dithmenos
Elyvilon
Hepliaklqana
Nemelex Xobeh
Xom

Shops:
D:5 !


Innate Abilities, Weirdness & Mutations

You are too large for most types of armour.
You have tough skin. (AC +1)
You possess an exceptional clarity of mind.
Armour fits poorly on your strangely shaped body.
Your flesh is heat resistant. (rF+)
You are frail. (-10% HP)
You passively map a small area around you.
You occasionally shout uncontrollably at your foes.
You sometimes lose the ability to read scrolls when taking damage.


Message History

The hobgoblin completely misses you.
You hear a shout!
You closely miss the orc. The hobgoblin closely misses you.
The orc hits you with a +0 war axe!
You bludgeon the orc!! You freeze the orc.
You kill the orc!
The hobgoblin hits you with a +0 hand axe.
You bludgeon the orc warrior!!
The orc warrior looks as sick as possible!
The orc warrior is almost dead.
You kill the orc warrior!
The hobgoblin barely misses you.
You barely miss the hobgoblin.
The hobgoblin hits you with a +0 hand axe.
The hobgoblin hits you but does no damage.
You sock the hobgoblin!
You kill the hobgoblin!
An orc knight comes into view. It is wielding a +0 war axe.
You closely miss the orc knight.
The orc knight hits you with a +0 war axe!
You feel threatened and lose the ability to read scrolls!
You closely miss the orc knight.
The orc knight roars a battlecry!
You hear a shout! x2
You hit the orc knight but do no damage.
The orc knight goes berserk!
You hear a shout! x3
The orc knight hits you with a +0 war axe!
The orc knight hits you with a +0 war axe!!
* * * LOW HITPOINT WARNING * * *
You hear a shout! x2
You feel much better.
The orc knight hits you with a +0 war axe!!
* * * LOW HITPOINT WARNING * * *
A shower of butterflies erupts from you!
The orc knight completely misses you.
The orc knight attacks as you move away!
The orc knight hits you with a +0 war axe!!!
You die...
Xom chortles!

...! * * .... *
..oo., , .....
*
.⌠.go.,#######
.g....##.....##
+
o.g...'.......#
,* , , ,
##o......##
,,,#@).......#
, ##.........##
* #bbb..⌠.....#
, ,*
,*##.........##
, #.........# *
,##.......## ,
#.......#
,,##...).## , ,
####'##


You could see an orc knight (berserk, ally target).

Vanquished Creatures
  A cane toad (shapeshifter) (D:6)
  Grinder (D:6)
  A fire bat (D:7)
  A steam dragon (D:8)
  2 black bears
  8 orc warriors
  3 ice beasts
  An ogre (D:5)
  A centaur (D:3)
  2 phantoms
  A bullfrog (D:7)
  A necrophage (D:7)
  An elf zombie (Ossuary)
  2 scorpions
  2 killer bees (D:6)
  5 howler monkeys
  2 centaur zombies (Ossuary)
  A human zombie (Ossuary)
  2 jellies
  3 orc priests
  A gnoll shaman (D:5)
  4 hounds
  2 iguanas
  Ijyb (D:3)
  2 orc wizards
  A hell rat (Sewer)
  3 hound zombies (Ossuary)
  3 mummies (Ossuary)
  10 gnolls
  6 adders
  2 river rats
  An ufetubus (D:7)
  3 adder zombies (Ossuary)
  3 worms
  5 dart slugs
  25 orcs
  6 endoplasms
  3 giant cockroaches
  15 goblins
  10 hobgoblins
  4 quokkas
  5 ball pythons
  5 bats
  5 frilled lizards
  A gnoll zombie (Ossuary)
  2 goblin zombies (Ossuary)
  3 hobgoblin zombies (Ossuary)
  5 jackal zombies (Ossuary)
  6 kobolds
  4 kobold zombies (Ossuary)
  3 orc zombies (Ossuary)
  4 quokka zombies (Ossuary)
  19 rats
  2 rat zombies (Ossuary)
215 creatures vanquished.

Vanquished Creatures (collateral kills)
  A killer bee (D:6)
  A gnoll (D:8)
2 creatures vanquished.

Vanquished Creatures (others)
  3 fungi (D:2)
  A plant (D:2)
4 creatures vanquished.

Grand Total: 221 creatures vanquished

Notes
Turn   | Place    | Note
-------+----------+-------------------------------------------
     0 | D:1      | zishaf the Ogre Chaos Knight began the quest for the Orb.
     0 | D:1      | Reached XP level 1. HP: 24/24 MP: 1/1
     2 | D:1      | Noticed a formicid
     2 | D:1      | Noticed a gargoyle
     4 | D:1      | Noticed a tengu
     4 | D:1      | Noticed a spriggan
     6 | D:1      | Noticed an ogre
     8 | D:1      | Noticed a ghoul
     8 | D:1      | Noticed a demigod
    12 | D:1      | Noticed a vine stalker
    12 | D:1      | Noticed a felid
    14 | D:1      | Noticed a minotaur
    14 | D:1      | Noticed a vampire
    16 | D:1      | Noticed a demonspawn
    18 | D:1      | Noticed a dwarf
    18 | D:1      | Noticed a troll
    20 | D:1      | Noticed an octopode
    20 | D:1      | Noticed a draconian
    22 | D:1      | Noticed an elf
    22 | D:1      | Noticed a human
    24 | D:1      | Noticed a merfolk
    24 | D:1      | XOM: silly message
    26 | D:1      | Noticed a naga
    83 | D:1      | XOM: potion effect (haste)
   142 | D:1      | Reached XP level 2. HP: 33/33 MP: 2/2
   396 | D:1      | XOM: 4-stop teleportation journey
   955 | D:1      | XOM: silly message
  1067 | D:2      | Reached XP level 3. HP: 37/41 MP: 3/3
  1100 | D:2      | You fall into a shaft and drop 2 floors!
  1100 | D:4      | Noticed a phantom
  1100 | D:4      | Found a white marble altar of Elyvilon.
  1110 | D:4      | Killed a phantom
  1111 | D:4      | Reached skill level 5 in Fighting
  1111 | D:4      | Reached XP level 4. HP: 27/52 MP: 4/4
  1186 | D:4      | XOM: divination: magic mapping
  1259 | D:4      | Noticed a black bear
  1275 | D:4      | Killed a black bear
  1276 | D:4      | Reached skill level 6 in Fighting
  1276 | D:4      | Reached XP level 5. HP: 28/61 MP: 5/5
  1279 | D:3      | XOM: stealth player
  1449 | D:3      | XOM: confuse monster(s)
  1533 | D:3      | XOM: divination: detect items
  1758 | D:2      | XOM: 1-stop teleportation journey
  1788 | D:2      | Found a faded altar of an unknown god.
  1823 | D:2      | Reached XP level 6. HP: 68/68 MP: 6/6
  1895 | D:2      | Learned a level 3 spell: Teleport Other
  2092 | D:3      | XOM: divination: detect creatures
  2245 | D:3      | Noticed Ijyb
  2252 | D:3      | Killed Ijyb
  2308 | D:3      | XOM: noise
  2312 | D:3      | XOM: cast spell 'Summon Cactus Giant'
  2316 | D:3      | Reached skill level 7 in Fighting
  2316 | D:3      | Reached skill level 1 in Spellcasting
  2449 | D:3      | XOM: 4-stop teleportation journey
  2511 | D:3      | XOM: torment (37/71 hp)
  2978 | D:4      | XOM: swap monsters
  2991 | D:4      | Reached skill level 1 in Translocations
  2992 | D:4      | XOM: 1-stop teleportation journey
  3284 | D:4      | Reached XP level 7. HP: 46/78 MP: 9/9
  3305 | D:4      | Paralysed by an orc for 4 turns
  3504 | D:3      | XOM: summons 4 hostile shadow creatures
  3812 | D:4      | XOM: summons 1 hostile demon
  3813 | D:4      | Noticed a sun demon
  3958 | D:4      | Reached skill level 5 in Maces & Flails
  4240 | D:4      | Found a staircase to the Ecumenical Temple.
  4326 | D:4      | XOM: polymorph orc wizard -> river rat
  4327 | D:4      | XOM: confusion
  4404 | D:4      | XOM: silly message
  4416 | D:5      | Entered Level 5 of the Dungeon
  4423 | D:5      | Found Fumaiv's Distillery.
  4485 | D:5      | XOM: chaos upgrade
  4491 | D:5      | Reached skill level 8 in Fighting
  4509 | D:5      | XOM: silly message
  4621 | D:5      | XOM: potion effect (curing)
  4624 | D:5      | XOM: silly message
  4631 | D:5      | XOM: silly message
  4699 | D:5      | XOM: silly message
  4708 | D:5      | Reached XP level 8. HP: 40/91 MP: 11/11
  4718 | D:5      | Reached skill level 9 in Fighting
  4823 | D:5      | XOM: polymorph quokka -> adder
  4830 | D:5      | Found a glowing drain.
  4834 | Sewer    | Entered a sewer
  5430 | D:5      | Found a sparkling altar of Nemelex Xobeh.
  5563 | D:5      | XOM: summons 4 hostile shadow creatures
  5827 | D:6      | XOM: summons 2 hostile demons
  5987 | D:6      | XOM: summons 1 hostile shadow creature
  6055 | D:6      | XOM: stat loss: -1 Int (12/13)
  6076 | D:6      | Noticed Grinder
  6098 | D:6      | Killed Grinder
  6099 | D:6      | Reached skill level 10 in Fighting
  6131 | D:6      | XOM: 2-stop teleportation journey
  6141 | D:6      | XOM: 5-stop teleportation journey
  6157 | D:6      | XOM: summons 5 hostile demons
  6185 | D:6      | XOM: polymorph iron imp -> shadow imp
  6481 | D:6      | XOM: give mutation
  6481 | D:6      | Gained mutation: You passively map a small area around you.
                  | [Xom's mischief]
  6519 | D:6      | XOM: enchant monster (bad)
  6521 | D:6      | XOM: blink monster(s)
  6524 | D:6      | XOM: enchant monster (bad)
  6530 | D:6      | XOM: god gift: amulet of the acrobat
  6531 | D:6      | XOM: swap monsters
  6980 | D:6      | Reached XP level 9. HP: 97/102 MP: 12/12
  7048 | D:6      | XOM: polymorph centaur -> shapeshifter
  7048 | D:6      | Noticed a meliai
  7048 | D:6      | a shapeshifter changed into a meliai
  7051 | D:6      | Noticed a cane toad
  7051 | D:6      | a meliai changed into a cane toad
  7052 | D:6      | Killed a cane toad
  7053 | D:6      | Reached skill level 11 in Fighting
  7380 | D:6      | XOM: noise
  7436 | D:7      | Found a shadowy altar of Dithmenos.
  7443 | D:7      | XOM: polymorph centaur -> fire bat
  7639 | D:7      | Found a shimmering altar of Xom.
  7640 | D:7      | Found a hazy altar of Hepliaklqana.
  7641 | D:7      | Noticed a spectral ugly thing
  7691 | D:7      | Reached skill level 5 in Translocations
  7691 | D:7      | Found a sand-covered staircase.
  7700 | Ossuary  | Entered an ossuary
  8198 | D:7      | Reached skill level 12 in Fighting
  8387 | D:7      | Found a snail-covered altar of Cheibriados.
  8552 | D:7      | XOM: give mutations
  8552 | D:7      | Gained mutation: You are frail. (-10% HP) [Xom's mischief]
  8552 | D:7      | Gained mutation: Your flesh is heat resistant. (rF+) [Xom's
                  | mischief]
  8578 | D:8      | XOM: polymorph gnoll sergeant -> jelly
  8612 | D:8      | XOM: god gift: scroll labelled NOTROU EF QUIX {god gift}
  8638 | D:8      | Found a flagged portal.
  8659 | D:8      | XOM: give mutations
  8659 | D:8      | Gained mutation: Armour fits poorly on your strangely
                  | shaped body. [Xom's mischief]
  8659 | D:8      | Gained mutation: You sometimes lose the ability to read
                  | scrolls when taking damage. [Xom's mischief]
  8659 | D:8      | Gained mutation: You possess an exceptional clarity of
                  | mind. [Xom's mischief]
  8659 | D:8      | Gained mutation: You occasionally shout uncontrollably at
                  | your foes. [Xom's mischief]
  8665 | Bailey   | Entered a bailey
  8840 | Bailey   | XOM: confuse monster(s)
  8846 | Bailey   | Reached XP level 10. HP: 82/103 MP: 13/13
  9139 | Bailey   | Noticed an orc knight
  9143 | Bailey   | XOM: butterfly on damage
  9144 | Bailey   | Annihilated by an orc knight

Illustrated notes

Levels and vault maps discovered:
D:1:      kb_arrival_jail, layout_basic, minmay_misc_feat_iff
D:2:      layout_rooms, shapermc_ecumenical_altar_petra
D:3:      layout_basic, uniq_ijyb
D:4:      layout_rooms, mainiacjoe_overflow_catwalk,
          minmay_temple_entry_nine_rooms
D:5:      layout_loops_cross, nemelex_dance_club_becter, serial_shops,
          nicolae_shop_trees, gup_sewer_entry_spiral, kennysheep_flooded_box
D:6:      layout_loops_ring, uniq_grinder
D:7:      layout_basic, cheibriados_altar_1,
          nicolae_dithmenos_through_a_glass_darkly,
          regret_index_temple_of_mockery, nicolae_ossuary_entry_ruins
D:8:      layout_cave_pools, nicolae_qazlal_eye_of_the_storm, kennysheep_mini,
          mainiacjoe_overflow_paths, yredelemnul_forgotten_temple_becter,
          lair_entry_dummy, enter_bailey_5, gammafunk_ghost_stat_death,
          uniq_maggie, uniq_grum, uniq_joseph
Bailey:   bailey_axe_minmay_hex_keep, bailey

Skill      XL: |  1  2  3  4  5  6  7  8  9 10 |
---------------+-------------------------------+-----
Maces & Flails | 3 4 5 6 7 |  7.9
Fighting       | 5 6 7 8 10 12 | 12.7
Spellcasting   | 1 2 |  2.0
Translocations | 1 2 4 5 6 |  6.3
Dodging        | |  2.1

Action                   |  1- 3 |  4- 6 |  7- 9 | 10-12 || total
-------------------------+-------+-------+-------+-------++-------
Melee: Mace              |    82 |   128 |   111 |       ||   321
       Punch             |       |     2 |     1 |       ||     3
       Giant club        |       |       |   346 |    32 ||   378
       Unarmed           |       |       |    26 |       ||    26
 Fire: Hunting sling     |    12 |     3 |       |       ||    15
Evoke: Wand              |       |       |     1 |       ||     1
  Use: Scroll            |       |     8 |    15 |       ||    23
       Potion            |       |     1 |     6 |     1 ||     8
 Stab: Sleeping          |       |     1 |       |       ||     1
Armor: Robe              |    27 |    92 |   268 |     5 ||   392
       Skin              |       |       |   104 |       ||   104
Dodge: Dodged            |    39 |    70 |   369 |    16 ||   494

Table legend: (Time is in decaauts)
 A = Elapsed time spent in this place.
 B = Non-inter-level travel time spent in this place.
 C = Inter-level travel time spent in this place.
 D = Time resting spent in this place.
 E = Time spent auto-exploring this place.
 F = Levels seen in this place.
 G = Mean time per level.
                   A        B        C        D        E       F      G
               +--------+--------+--------+--------+--------+-----+--------+
         Total |   9320 |   9136 |    184 |   2353 |   4281 |  11 |  847.3 |
       Dungeon |   8090 |   7906 |    184 |   1742 |   4103 |   8 | 1011.2 |
         Sewer |    260 |    260 |      0 |    161 |      0 |   1 |  260.0 |
       Ossuary |    478 |    478 |      0 |    140 |    178 |   1 |  478.0 |
        Bailey |    490 |    490 |      0 |    310 |      0 |   1 |  490.0 |
               +--------+--------+--------+--------+--------+-----+--------+

Top non-repeatable levels by time:
     D:3: 1923 daAuts
     D:6: 1626 daAuts
     D:5: 1220 daAuts
     D:1: 1006 daAuts
     D:4: 944 daAuts
     D:7: 703 daAuts
     D:2: 565 daAuts
  Bailey: 490 daAuts
 Ossuary: 478 daAuts
   Sewer: 260 daAuts
     D:8: 100 daAuts
